PL
BROOKLYN DODGERS @ RICHARDSON CITY THUNDERCATS
09/28/2021
 
TOP OF THE 1ST
Brooklyn Dodgers batting - Pitching for Richardson City Thundercats : RHP Ryan Davis
Pitching: RHP Ryan Davis
Batting: LHB Ye Der 0-0: Foul Ball, location: 2F
0-1: Called Strike
0-2: Ball
1-2: Foul Ball, location: 2F
1-2: Foul Ball, location: 2F
1-2: Foul Ball, location: 2F
1-2: SINGLE (Flyball, 78S)
Batting: LHB Rubén López 0-0: Ball
1-0: Ball
2-0: Ball
Wild Pitch!
Ye Der to second
3-0: Base on Balls
Batting: RHB Thom Wilcox 0-0: Ball
1-0: Foul Ball, location: 2F
1-1: Ball
2-1: Fly out, F7 (Line Drive, 7S)
Batting: LHB Ray Sears 0-0: Ball
1-0: Fly out, F8 (Flyball, 8RD)
Runner from 2nd tags up, SAFE at 3rd, no throw
Batting: LHB Tony Dyer 0-0: Ball
1-0: Ball
2-0: Called Strike
2-1: Foul Ball, location: 2F
2-2: Strikes out looking
Top of the 1st over - 0 run(s), 1 hit(s), 0 error(s), 2 left on base; Brooklyn 0 - Richardson City 0
BOTTOM OF THE 1ST
Richardson City Thundercats batting - Pitching for Brooklyn Dodgers : RHP Devin Hinton
Pitching: RHP Devin Hinton
Batting: RHB Joey Jones 0-0: Foul Ball, location: 2F
0-1: Ground out 4-3 (Groundball, 4M)
Batting: SHB Leonard O'Connor 0-0: Ball
1-0: Called Strike
1-1: Ball
2-1: Foul Ball, location: 2F
2-2: Ground out U3 (Groundball, 3)
Batting: RHB Iván Pérez 0-0: Ball
1-0: Swinging Strike
1-1: Called Strike
1-2: Foul Ball, location: 2F
1-2: Strikes out looking
Bottom of the 1st over - 0 run(s), 0 hit(s), 0 error(s), 0 left on base; Brooklyn 0 - Richardson City 0
TOP OF THE 2ND
Brooklyn Dodgers batting - Pitching for Richardson City Thundercats : RHP Ryan Davis
Batting: LHB Pancho García 0-0: Fly out, F7 (Flyball, 7LMF)
Batting: LHB Curt Webb 0-0: Ball
1-0: Called Strike
1-1: Swinging Strike
1-2: Strikes out looking
Batting: LHB Kelly Brown 0-0: Foul Ball, location: 2F
0-1: Ball
1-1: Foul Ball, location: 2F
1-2: Fly out, F7 (Flyball, 78M)
Top of the 2nd over - 0 run(s), 0 hit(s), 0 error(s), 0 left on base; Brooklyn 0 - Richardson City 0
BOTTOM OF THE 2ND
Richardson City Thundercats batting - Pitching for Brooklyn Dodgers : RHP Devin Hinton
Batting: LHB Terrence Eler 0-0: Ball
1-0: Called Strike
1-1: Called Strike
1-2: Ball
2-2: Foul Ball, location: 2F
2-2: Ball
3-2: Foul Ball, location: 2F
3-2: Base on Balls
Batting: RHB Juan Cabrera 0-0: Fly out, F2 (Popup, 3SF)
Batting: RHB Steve Dunn 0-0: Called Strike
0-1: Swinging Strike
0-2: Ball
1-2: Foul Ball, location: 2F
1-2: Ball
2-2: Fly out, F8 (Flyball, 8LD)
Batting: RHB Nate Cates 0-0: Swinging Strike
Pickoff Throw to First - Out!
Bottom of the 2nd over - 0 run(s), 0 hit(s), 0 error(s), 0 left on base; Brooklyn 0 - Richardson City 0
TOP OF THE 3RD
Brooklyn Dodgers batting - Pitching for Richardson City Thundercats : RHP Ryan Davis
Batting: RHB Sean Davis 0-0: Swinging Strike
0-1: Foul Ball, location: 2F
0-2: Ball
1-2: Strikes out swinging
Batting: LHB Ye Der 0-0: Called Strike
0-1: Swinging Strike
0-2: SINGLE (Groundball, 34D)
Batting: LHB Rubén López 0-0: Ball
1-0: Ball
2-0: Foul Ball, location: 2F
2-1: Ball
Wild Pitch!
Ye Der to second
3-1: Foul Ball, location: 2F
3-2: Ground out 4-3 (Groundball, 4)
Ye Der to third
Batting: RHB Thom Wilcox 0-0: Ball
1-0: Swinging Strike
1-1: Swinging Strike
1-2: Ball
2-2: Strikes out swinging
Top of the 3rd over - 0 run(s), 1 hit(s), 0 error(s), 1 left on base; Brooklyn 0 - Richardson City 0
BOTTOM OF THE 3RD
Richardson City Thundercats batting - Pitching for Brooklyn Dodgers : RHP Devin Hinton
Batting: RHB Nate Cates 0-0: Called Strike
0-1: Swinging Strike
0-2: Foul Ball, location: 2F
0-2: Strikes out swinging
Batting: RHB Yong-oon Yi 0-0: Ball
1-0: Ball
2-0: Called Strike
2-1: Ground out 1-3 (Groundball, 2R)
Batting: SHB Eugene Parrish 0-0: Ground out 4-3 (Groundball, 34)
Bottom of the 3rd over - 0 run(s), 0 hit(s), 0 error(s), 0 left on base; Brooklyn 0 - Richardson City 0
TOP OF THE 4TH
Brooklyn Dodgers batting - Pitching for Richardson City Thundercats : RHP Ryan Davis
Batting: LHB Ray Sears 0-0: Ball
1-0: Ball
2-0: Foul Ball, location: 2F
2-1: Swinging Strike
2-2: SOLO HOME RUN (Line Drive, 9LD), Distance : 358 ft
Batting: LHB Tony Dyer 0-0: Ball
1-0: DOUBLE (Line Drive, 3L)
Batting: LHB Pancho García 0-0: Ball
1-0: Called Strike
1-1: Ball
Wild Pitch!
Tony Dyer to third
2-1: Ball
3-1: Base on Balls
Batting: LHB Curt Webb 0-0: Swinging Strike
0-1: Ball
1-1: Ball
Wild Pitch!
Tony Dyer scores
Pancho García to second
2-1: Foul Ball, location: 2F
2-2: Strikes out swinging
Batting: LHB Kelly Brown 0-0: Foul Ball, location: 2F
0-1: Ground out 4-3 (Groundball, 34)
Pancho García to third
Batting: RHB Sean Davis 0-0: Ball
1-0: Foul Ball, location: 2F
1-1: Ball
2-1: Ball
3-1: Base on Balls
Batting: LHB Ye Der 0-0: Called Strike
0-1: Ball
1-1: Ball
2-1: SINGLE (Flyball, 9S)
Pancho García scores
Sean Davis to second
Runner from 2nd tries for 3rd, SAFE, no throw or cutoff
Batting: LHB Rubén López 0-0: Ball
1-0: Ball
2-0: Called Strike
2-1: Ball
3-1: Ground out 4-3 (Groundball, 4S)
Top of the 4th over - 3 run(s), 3 hit(s), 0 error(s), 2 left on base; Brooklyn 3 - Richardson City 0
BOTTOM OF THE 4TH
Richardson City Thundercats batting - Pitching for Brooklyn Dodgers : RHP Devin Hinton
Batting: RHB Joey Jones 0-0: Called Strike
0-1: Swinging Strike
0-2: Foul Ball, location: 2F
0-2: Strikes out swinging
Batting: SHB Leonard O'Connor 0-0: SINGLE (Groundball, 34D)
Batting: RHB Iván Pérez 0-0: Called Strike
0-1: SINGLE (Line Drive, 4MD)
Leonard O'Connor to second
Batting: LHB Terrence Eler 0-0: Swinging Strike
0-1: Called Strike
0-2: Ball
1-2: Foul Ball, location: 2F
1-2: Strikes out looking
Batting: RHB Juan Cabrera 0-0: Ball
1-0: Foul Ball, location: 2F
1-1: Ground out 6-3 (Groundball, 6)
Bottom of the 4th over - 0 run(s), 2 hit(s), 0 error(s), 2 left on base; Brooklyn 3 - Richardson City 0
TOP OF THE 5TH
Brooklyn Dodgers batting - Pitching for Richardson City Thundercats : RHP Ryan Davis
Batting: RHB Thom Wilcox 0-0: Called Strike
0-1: Ball
1-1: Ball
2-1: Swinging Strike
2-2: Strikes out looking
Batting: LHB Ray Sears 0-0: Foul Ball, location: 2F
0-1: Ball
1-1: Ball
2-1: Ground out 4-3 (Groundball, 34)
Batting: LHB Tony Dyer 0-0: Ball
1-0: Foul Ball, location: 2F
1-1: Fly out, F6 (Popup, 56)
Top of the 5th over - 0 run(s), 0 hit(s), 0 error(s), 0 left on base; Brooklyn 3 - Richardson City 0
BOTTOM OF THE 5TH
Richardson City Thundercats batting - Pitching for Brooklyn Dodgers : RHP Devin Hinton
Batting: RHB Steve Dunn 0-0: Foul Ball, location: 2F
0-1: Ball
1-1: Ball
2-1: Ball
3-1: Foul Ball, location: 2F
3-2: Strikes out swinging
Batting: RHB Nate Cates 0-0: Called Strike
0-1: Ball
1-1: Ball
2-1: Called Strike
2-2: Foul Ball, location: 2F
2-2: Strikes out looking
Batting: RHB Yong-oon Yi 0-0: Called Strike
0-1: Foul Ball, location: 2F
0-2: Fly out, F8 (Flyball, 8LS)
Bottom of the 5th over - 0 run(s), 0 hit(s), 0 error(s), 0 left on base; Brooklyn 3 - Richardson City 0
TOP OF THE 6TH
Brooklyn Dodgers batting - Pitching for Richardson City Thundercats : RHP Ryan Davis
Batting: LHB Pancho García 0-0: Fly out, F7 (Flyball, 7D)
Batting: LHB Curt Webb 0-0: Foul Ball, location: 2F
0-1: Called Strike
0-2: Strikes out looking
Batting: LHB Kelly Brown 0-0: Fly out, F5 (Popup, 5SF)
Top of the 6th over - 0 run(s), 0 hit(s), 0 error(s), 0 left on base; Brooklyn 3 - Richardson City 0
BOTTOM OF THE 6TH
Richardson City Thundercats batting - Pitching for Brooklyn Dodgers : RHP Devin Hinton
Batting: SHB Eugene Parrish 0-0: Ball
1-0: Called Strike
1-1: Ground out 4-3 (Groundball, 4)
Batting: RHB Joey Jones 0-0: Called Strike
0-1: Fly out, F9 (Flyball, 9D)
Batting: SHB Leonard O'Connor 0-0: Ball
1-0: Ground out U3 (Groundball, 3)
Bottom of the 6th over - 0 run(s), 0 hit(s), 0 error(s), 0 left on base; Brooklyn 3 - Richardson City 0
TOP OF THE 7TH
Brooklyn Dodgers batting - Pitching for Richardson City Thundercats : RHP Ryan Davis
Batting: RHB Sean Davis 0-0: Called Strike
0-1: Swinging Strike
0-2: Ball
1-2: Strikes out looking
Batting: LHB Ye Der 0-0: Called Strike
0-1: Foul Ball, location: 2F
0-2: Ball
1-2: Foul Ball, location: 2F
1-2: Ball
2-2: Ground out 4-3 (Groundball, 4)
Batting: LHB Rubén López 0-0: Called Strike
0-1: Ball
1-1: Foul Ball, location: 2F
1-2: Fly out, F6 (Popup, 7LSF)
Top of the 7th over - 0 run(s), 0 hit(s), 0 error(s), 0 left on base; Brooklyn 3 - Richardson City 0
BOTTOM OF THE 7TH
Richardson City Thundercats batting - Pitching for Brooklyn Dodgers : RHP Devin Hinton
Batting: RHB Iván Pérez 0-0: Foul Ball, location: 2F
0-1: Ball
1-1: Fly out, F8 (Flyball, 8RD)
Batting: LHB Terrence Eler 0-0: Ball
1-0: Swinging Strike
1-1: Swinging Strike
1-2: Strikes out swinging
Batting: RHB Juan Cabrera 0-0: Ball
1-0: SINGLE (Groundball, 25) (infield hit)
Batting: RHB Steve Dunn 0-0: Ball
1-0: Called Strike
1-1: Ball
2-1: Ball
3-1: Called Strike
3-2: Foul Ball, location: 2F
3-2: SINGLE (Line Drive, 78S)
Juan Cabrera to second
Juan Cabrera to third
Pitching: RHP António Vega
Batting: RHB Nate Cates 0-0: Foul Ball, location: 2F
0-1: Foul Ball, location: 2F
0-2: Ball
1-2: Foul Ball, location: 2F
1-2: Foul Ball, location: 2F
1-2: Strikes out swinging
Bottom of the 7th over - 0 run(s), 2 hit(s), 0 error(s), 2 left on base; Brooklyn 3 - Richardson City 0
TOP OF THE 8TH
Brooklyn Dodgers batting - Pitching for Richardson City Thundercats : RHP Ryan Davis
Batting: RHB Thom Wilcox 0-0: Ball
1-0: Foul Ball, location: 2F
1-1: Called Strike
1-2: Foul Ball, location: 2F
1-2: Ball
2-2: Ball
3-2: Base on Balls
Batting: LHB Ray Sears 0-0: Called Strike
0-1: Ball
1-1: Fly out, F8 (Line Drive, 8LS)
Batting: LHB Tony Dyer 0-0: Grounds into double play, 4-6-3 (Groundball, 4)
Top of the 8th over - 0 run(s), 0 hit(s), 0 error(s), 0 left on base; Brooklyn 3 - Richardson City 0
BOTTOM OF THE 8TH
Richardson City Thundercats batting - Pitching for Brooklyn Dodgers : RHP António Vega
Batting: RHB Yong-oon Yi 0-0: Ball
1-0: SINGLE (Flyball, 8LS)
Pitching: RHP Ted Locke
Batting: SHB Eugene Parrish 0-0: Swinging Strike
0-1: Ball
1-1: Ball
2-1: Called Strike
2-2: Foul Ball, location: 2F
2-2: Strikes out swinging
Batting: RHB Joey Jones 0-0: Foul Ball, location: 2F
0-1: Ball
1-1: Swinging Strike
1-2: Strikes out swinging
Batting: SHB Leonard O'Connor 0-0: Swinging Strike
0-1: Called Strike
0-2: Ball
1-2: Strikes out swinging
Bottom of the 8th over - 0 run(s), 1 hit(s), 0 error(s), 1 left on base; Brooklyn 3 - Richardson City 0
TOP OF THE 9TH
Brooklyn Dodgers batting - Pitching for Richardson City Thundercats : RHP Ryan Davis
Batting: LHB Pancho García 0-0: Ball
1-0: Fly out, F9 (Flyball, 9M)
Pitching: RHP Dave Reed
Batting: LHB Curt Webb 0-0: Called Strike
0-1: Foul Ball, location: 2F
0-2: Strikes out looking
Batting: LHB Kelly Brown 0-0: Ball
1-0: Fly out, F7 (Flyball, 78S)
Top of the 9th over - 0 run(s), 0 hit(s), 0 error(s), 0 left on base; Brooklyn 3 - Richardson City 0
BOTTOM OF THE 9TH
Richardson City Thundercats batting - Pitching for Brooklyn Dodgers : RHP Ted Locke
Pitching: RHP José Ramos
Batting: RHB Iván Pérez 0-0: Foul Ball, location: 2F
0-1: Ball
1-1: Ball
2-1: Ball
3-1: Called Strike
3-2: Foul Ball, location: 2F
3-2: Strikes out swinging
Batting: LHB Terrence Eler 0-0: Fly out, F8 (Flyball, 8LD)
Batting: RHB Juan Cabrera 0-0: Called Strike
0-1: Ball
1-1: Ball
2-1: Foul Ball, location: 2F
2-2: Ground out 6-3 (Groundball, 6)
Bottom of the 9th over - 0 run(s), 0 hit(s), 0 error(s), 0 left on base; Brooklyn 3 - Richardson City 0
This league is powered by Out of the Park Baseball, the baseball management simulation game for PC, Mac and Linux
Friday, January 22nd, 2016 - OOTP Baseball 16.9 Build 39